 Dungeon Crawl Stone Soup version 0.29.1-15-g9cfb28693d (webtiles) character file.

Game seed: 3567437824430292229

534 promet the Poker (level 7, -6/48 HPs)
             Began as a Human Wanderer on Mar 24, 2023.
             Was an Initiate of Wu Jian.
             Mangled by an ogre
             ... wielding a +0 giant spiked club
              (21 damage)
             ... on level 5 of the Dungeon.
             The game lasted 00:22:41 (4775 turns).

promet the Poker (Human Wanderer)                   Turns: 4775, Time: 00:22:43

Health: -6/48      AC: 12    Str: 15    XL:     7   Next: 50%
Magic:  7/9        EV: 11    Int: 11    God:    Wu Jian [......]
Gold:   55         SH:  0    Dex: 13    Spells: 5/9 levels left

rFire   . . .      SeeInvis .   a - +2 spear (vorpal)
rCold   . . .      Faith    .   (no shield)
rNeg    . . .      Spirit   .   d - +1 leather armour
rPois   .          Reflect  .   (no helmet)
rElec   .          Harm     .   (no cloak)
rCorr   .          Rampage  .   (no gloves)
Will    .....                   (no boots)
Stlth   +.........              h - amulet of magic regeneration
HPRegen 0.16/turn               n - +4 ring of protection
MPRegen 0.51/turn               C - +4 ring of protection

@: no status effects
A: no striking features
a: Renounce Religion


You were on level 5 of the Dungeon.
You worshipped Wu Jian.
Wu Jian was noncommittal.
You visited 1 branch of the dungeon, and saw 5 of its levels.

You collected 205 gold pieces.
You spent 150 gold pieces at shops.

Inventory:

Hand Weapons
 a - a +2 vorpal spear (weapon)
 b - a +1 sling
 p - a +0 spear
 r - a +0 war axe
 w - a +1 flail of protection
Missiles
 f - 46 stones
 i - 2 boomerangs
 k - a throwing net
Armour
 d - a +1 leather armour (worn)
Magical Staves
 g - a staff of fire
Jewellery
 e - an amulet of faith
 h - an amulet of magic regeneration (around neck)
 n - a +4 ring of protection (left hand)
 y - a +4 ring of evasion
 C - a +4 ring of protection (right hand)
Wands
 l - a wand of flame (4)
 v - a wand of iceblast (9)
Scrolls
 c - 2 scrolls of teleportation
 j - a scroll of fear
 t - a scroll of enchant weapon
 A - a scroll of identify
Potions
 m - 2 potions of ambrosia
 o - 2 potions of brilliance
 q - a potion of berserk rage {unknown}
 s - a potion of might {unknown}
 u - a potion of mutation {unknown}
 x - 3 potions of heal wounds
 z - a potion of curing
 B - a potion of resistance {unknown}


   Skills:
 + Level 1.4 Fighting
 + Level 0.1(2.2) Axes
 + Level 3.7 Polearms
 + Level 3.3 Ranged Weapons
 + Level 1.5 Armour
 + Level 1.3 Dodging
 + Level 1.2 Stealth
 + Level 1.7 Spellcasting
 + Level 3.0 Transmutations
 + Level 1.3 Fire Magic
 * Level 3.7 Poison Magic
 + Level 2.0 Evocations


You had 5 spell levels left.
You knew the following spells:

 Your Spells              Type           Power      Damage    Failure   Level
a - Sting                 Tmut/Pois      32%        1d4       10%         1
b - Ignite Poison         Fire/Tmut/Pois 6%         N/A       36%         3

Your spell library contained the following spells:

 Spells                   Type           Power      Damage    Failure   Level
 Freeze                   Ice            0%         1d3       36%         1
 Frozen Ramparts          Ice            0%         1d1       73%         3
 Ice Form                 Ice/Tmut       4%         N/A       89%         4
 Corpse Rot               Necr/Pois/Air  3%         N/A       91%         4
 Hailstorm                Conj/Ice       0%         3d3       98%         4
 Passage of Golubria      Tloc           0%         N/A       98%         4
 Silence                  Hex/Air        0%         N/A       100%        5
 Simulacrum               Ice/Necr       0%         N/A       100%        6
 Lehudib's Crystal Spear  Conj/Erth      0%         10d2      100%        8


Dungeon Overview and Level Annotations

Branches:
Dungeon (5/15)
 Temple: D:4-7

Altars:
Ashenzari
Wu Jian
The Shining One

Shops:
D:1 :   D:4 [(:(!   D:5 !


Message History

You shoot a sling bullet.
The sling bullet barely misses the ogre.
Casting: Sting (safe; 10% risk of failure)
Confirm with . or Enter, or press ? or * to list all spells.
Aiming: Sting (safe; 10% risk of failure)
Press: ? - help, Shift-Dir - straight line, f/p - ogre
Aim: an ogre, wielding a +0 giant spiked club (lightly wounded, 85% to hit)
The sting hits the ogre but does no damage.
The ogre is poisoned.
The ogre is lightly wounded.
a - a +2 vorpal spear (weapon)
You barely miss the ogre.
The ogre is lightly wounded.
The ogre closely misses you.
You hit the ogre but do no damage.
The ogre is lightly wounded.
Casting: Sting (safe; 10% risk of failure)
Confirm with . or Enter, or press ? or * to list all spells.
The spell is quite dangerous to miscast (36% risk of failure)!
Continue anyway? [Y]es or [N]o only, please.
The spell is quite dangerous to miscast (36% risk of failure)!
Continue anyway?
You ignite the poison in your surroundings!
The ogre seems to burn from within!
The ogre is severely wounded.
The ogre hits you with a +0 giant spiked club!
* * * LOW HITPOINT WARNING * * *
You barely miss the ogre.
The ogre is severely wounded.
The ogre completely misses you.
You hit the ogre but do no damage.
The ogre is severely wounded.
Casting: Ignite Poison (quite dangerous; 36% risk of failure)
Confirm with . or Enter, or press ? or * to list all spells.
Aiming: Sting (safe; 10% risk of failure)
Press: ? - help, Shift-Dir - straight line, f/p - ogre
Aim: an ogre, wielding a +0 giant spiked club (severely wounded, 85% to hit)
The sting hits the ogre.
The ogre is poisoned.
The ogre is severely wounded.
The ogre hits you with a +0 giant spiked club!!
You die...

##.....###...##..###
#.......####..##..##
#. #.......# ##.......
#. #.......# #####.##
#. ##.....## #.##
#.##.......# #.#. #
..#....>..# #.#. ##.
#.#.......# #.#. #..
#.#.O@..<### #.#. #.#
###...#......# #.#.
#.######...########รท#
#.#. ##........#.#
#.## #...
##...#######.# #..#
###. ....## #.# ##.#
#. .#..# #.# #.## #.
#.## #.. #..# #. ..
##. ##.## #.


You could see an ogre (poisoned).

Vanquished Creatures
  A black bear (D:4)
  A scorpion (D:4)
  A necrophage (D:5)
  3 hounds
  Jessica (D:2)
  3 iguanas
  5 adders
  3 dart slugs
  11 endoplasms
  3 giant cockroaches
  5 goblins
  12 hobgoblins
  2 jackals (D:1)
  2 quokkas
  6 ball pythons
  5 bats
  7 frilled lizards
  4 kobolds
  7 rats
82 creatures vanquished.

Vanquished Creatures (others)
  13 plants (D:1)
13 creatures vanquished.

Grand Total: 95 creatures vanquished

Notes
Turn   | Place    | Note
-------+----------+-------------------------------------------
     0 | D:1      | promet the Human Wanderer began the quest for the Orb.
     0 | D:1      | promet set off with the following items: a +0 spear, a wand
                  | of flame (4), a scroll of teleportation, a +0 leather
                  | armour; and the following spell memorised: Sting; and the
                  | following spells available to memorise: Ignite Poison,
                  | Corpse Rot.
     0 | D:1      | Reached XP level 1. HP: 15/15 MP: 2/2
    82 | D:1      | Found Caenyjum's Book Emporium.
   123 | D:1      | Reached XP level 2. HP: 21/21 MP: 3/3
   726 | D:1      | Reached XP level 3. HP: 26/26 MP: 4/4
  1122 | D:1      | Found a faded altar of an unknown god.
  1324 | D:2      | Reached skill level 1 in Armour
  1340 | D:2      | Learned a level 3 spell: Ignite Poison
  1628 | D:2      | Reached XP level 4. HP: 32/32 MP: 6/6
  1784 | D:2      | Reached skill level 1 in Dodging
  1905 | D:2      | Noticed Jessica
  1911 | D:2      | Killed Jessica
  1912 | D:2      | Reached skill level 1 in Ranged Weapons
  1967 | D:2      | Reached skill level 1 in Transmutations
  1967 | D:2      | Reached XP level 5. HP: 30/37 MP: 7/7
  2933 | D:3      | Found a broken altar of Ashenzari.
  2938 | D:3      | Found a glowing golden altar of the Shining One.
  3648 | D:4      | Reached skill level 1 in Fire Magic
  3648 | D:4      | Reached XP level 6. HP: 36/43 MP: 8/8
  3741 | D:4      | Noticed a black bear
  3742 | D:4      | Found Guphow's Antique Weapon Shop.
  3758 | D:4      | Killed a black bear
  3967 | D:4      | Found Ymakk's Book Shoppe.
  4098 | D:4      | Reached XP level 7. HP: 48/48 MP: 9/9
  4104 | D:4      | Found Ymehivvo's Distillery.
  4116 | D:4      | Bought a potion of curing for 30 gold pieces
  4148 | D:4      | Found Imurghun's Weapon Boutique.
  4194 | D:4      | Found Bioclast's Antique Armour Shoppe.
  4273 | D:4      | Found an ornate altar of the Wu Jian Council.
  4353 | D:4      | Noticed a spectral centipede
  4353 | D:4      | Noticed a spectral black mamba
  4353 | D:4      | Noticed a spectral cane toad
  4354 | D:4      | Became a worshipper of the Wu Jian Council
  4384 | D:5      | Entered Level 5 of the Dungeon
  4401 | D:5      | Found Inauh's Distillery.
  4420 | D:5      | Bought a potion of heal wounds for 60 gold pieces
  4420 | D:5      | Bought a potion of heal wounds for 60 gold pieces
  4775 | D:5      | Mangled by an ogre

Illustrated notes

Levels and vault maps discovered:
D:1:      roderic_dead_forest, layout_rooms, serial_shops, shop,
          dilly_ecumenical_altar_fadedgnrine, minmay_pentomino_o2
D:2:      layout_basic, grunt_ministairs_6, uniq_jessica,
          uniq_crazy_yiuf_cottage
D:3:      layout_rooms, mainiacjoe_overflow_big_doors
D:4:      layout_rooms, pdpol_wu_jian_five_deadly_venoms, serial_shops, shop,
          nicolae_shop_hallway_stairs, shop, nicolae_stop_n_shop_2,
          nicolae_shop_waterfront
D:5:      layout_rooms, serial_shops, nicolae_stop_n_shop_1

Skill      XL: |  1  2  3  4  5  6  7 |
---------------+----------------------+-----
Armour         | 1 |  1.5
Dodging        | 1 |  1.3
Ranged Weapons | 1 2 3 |  3.3
Transmutations | 1 2 3 |  3.0
Poison Magic   | 3 |  3.7
Fire Magic     | 1 |  1.3
Fighting       | |  1.4
Axes           | |  0.1
Polearms       | |  3.7
Stealth        | |  1.2
Spellcasting   | |  1.7
Evocations     | |  2.0

Action                   |  1- 3 |  4- 6 |  7- 9 || total
-------------------------+-------+-------+-------++-------
Melee: Spear             |    72 |    34 |    24 ||   130
       War axe           |     1 |    29 |       ||    30
       Flail             |       |     5 |       ||     5
 Fire: Sling             |     2 |    33 |    11 ||    46
Throw: Boomerang         |       |     7 |       ||     7
 Cast: Sting             |    39 |    28 |    15 ||    82
       Ignite Poison     |     1 |     2 |     3 ||     6
  Use: Scroll            |     6 |     3 |     1 ||    10
 Stab: Sleeping          |       |     1 |       ||     1
Armor: Leather armour    |    20 |    31 |     8 ||    59
Dodge: Dodged            |    32 |    58 |    20 ||   110
